 Dungeon Crawl Stone Soup version 0.29.0-4-gdea44cf6ec (webtiles) character file.

Game seed: 9474875637796207003

89 qw the Chopper (level 4, -2/26 HPs)
             Began as a Tengu Warper on Aug 28, 2022.
             Splashed by a jelly's acid (6 damage)
             ... on level 3 of the Dungeon.
             The game lasted 00:00:13 (2435 turns).

qw the Chopper (Tengu Warper)                       Turns: 2435, Time: 00:00:13

Health: -2/26      AC: -6    Str: 13    XL:     4   Next: 55%
Magic:  8/8        EV: 11    Int: 14    God:
Gold:   122        SH:  0    Dex: 13    Spells: 7/7 levels left

rFire   . . .      SeeInvis .   Y - +3 hand axe
rCold   . . .      Faith    .   (no shield)
rNeg    . . .      Spirit   .   l - +0 ring mail
rPois   .          Reflect  .   (helmet restricted)
rElec   .          Harm     .   (no cloak)
rCorr   .          Rampage  .   (no gloves)
Will    .....                   (boots unavailable)
Stlth   +.........              (no amulet)
HPRegen 0.08/turn               (no ring)
MPRegen 0.11/turn               (no ring)

@: corroded
A: beak, talons 3
a: no special abilities


You were on level 3 of the Dungeon.
You visited 1 branch of the dungeon, and saw 3 of its levels.

You collected 122 gold pieces.


Innate Abilities, Weirdness & Mutations

You have a beak for a mouth.
You have claws for feet.


   Skills:
 - Level 2.0 Fighting
 + Level 5.1 Axes
 - Level 1.0 Throwing
 - Level 1.1 Armour
 - Level 2.1 Dodging
 - Level 2.0 Spellcasting
 - Level 2.4 Translocations


You had 7 spell levels left.
You didn't know any spells.
Your spell library contained the following spells:

 Spells                   Type           Power      Damage    Failure   Level
 Blink                    Tloc           16%        N/A       28%         2
 Gell's Gravitas          Tloc           8%         N/A       50%         3
 Lesser Beckoning         Tloc           8%         N/A       50%         3
 Teleport Other           Tloc           8%         N/A       50%         3
 Manifold Assault         Tloc           8%         N/A       99%         5

Inventory:

Hand Weapons
 h - a +2 whip of pain
 Y - a +3 hand axe (weapon)
Armour
 l - a +0 ring mail (worn)
Scrolls
 a - 2 scrolls of identify
 e - a scroll of teleportation
Potions
 d - 2 potions of curing
 g - a potion of might

Dungeon Overview and Level Annotations

Branches:
Dungeon (3/15)

Altars:


Message History

The adder hisses angrily.
The adder misses you.
You hit the adder. You peck the adder.
The adder is heavily wounded.
The adder barely misses you.
You barely miss the adder.
The adder is heavily wounded.
The adder barely misses you.
You hit the adder but do no damage. Your kick misses the adder.
Your peck misses the adder.
The adder is heavily wounded.
The adder closely misses you. x2
You hit the adder.
The adder is severely wounded.
The adder barely misses you.
You hit the adder.
You kill the adder!
You now have 122 gold pieces (gained 7).
You enter the shallow water.
Moving in this stuff is going to be slow.
You enter the shallow water.
Moving in this stuff is going to be slow.
A jelly comes into view.
Found a stone staircase leading down.
The jelly quivers.
You see here 11 gold pieces.
Enter note:
Enter note: The jelly jiggles.
You hit the jelly. The acid corrodes you!
Your hands burn!
You claw the jelly, but do no damage.
The jelly is lightly wounded.
The jelly completely misses you.
You hit the jelly. The acid corrodes you!
Your hands burn!
The jelly is heavily wounded.
The jelly hits you. The acid corrodes you!
You are splashed with acid!
You hit the jelly.
Your hands burn!
The jelly is almost dead.
The jelly hits you. The acid corrodes you!
You are splashed with acid.
You die...

~~~~~~~~~~~~..##...###..
~......~....~#####.....>
####....###### #.##...
###..# #.##..~ #..#
#..##~~ #..## ##.....
#...# ........#.. #.#.#
........##. #.@.#
........##. #.J##
........##. #..#
..###...... ~~.. #.
.#####. .~... #. #.
#...... ## #......
~..>....


You could see a jelly.

Vanquished Creatures
  4 adders
  An orc (D:2)
  6 endoplasms
  A giant cockroach (D:2)
  5 goblins
  5 hobgoblins
  6 kobolds
  A quokka (D:1)
  9 ball pythons
  2 bats
  3 frilled lizards
  6 rats
49 creatures vanquished.

Notes
Turn   | Place    | Note
-------+----------+-------------------------------------------
     0 | D:1      | qw the Tengu Warper began the quest for the Orb.
     0 | D:1      | Reached XP level 1. HP: 12/12 MP: 4/4
     0 | D:1      | 0 ||| qw: Version: 0.1-a-89-g26bdef1
     0 | D:1      | 0 ||| qw: Game counter: 820
     0 | D:1      | 0 ||| qw: Always use a shield: true
     0 | D:1      | 0 ||| qw: God list: Okawaru
     0 | D:1      | 0 ||| qw: Allow faded altars: false
     0 | D:1      | 0 ||| qw: Do Orc after D:15 true
     0 | D:1      | 0 ||| qw: Do second Lair branch before Depths: true
     0 | D:1      | 0 ||| qw: Lair rune preference: random
     0 | D:1      | 0 ||| qw: Plans: Normal
     0 | D:1      | 0 ||| PLANNING D:1-11
    25 | D:1      | 25 ||| Stepping ~*~*~tactically~*~*~ (stealth).
   329 | D:1      | 329 ||| Stepping ~*~*~tactically~*~*~ (stealth).
   333 | D:1      | Reached XP level 2. HP: 17/17 MP: 6/6
   334 | D:1      | Reached skill level 3 in Axes
   493 | D:1      | 493 ||| Stepping ~*~*~tactically~*~*~ (stealth).
   670 | D:1      | Found a faded altar of an unknown god.
   747 | D:1      | 747 ||| Stepping ~*~*~tactically~*~*~ (stealth).
   808 | D:1      | Reached XP level 3. HP: 21/21 MP: 7/7
  1063 | D:1      | 1063 ||| UPGRADING to +0 ring mail.
  1073 | D:1      | 1073 ||| DROPPING +0 leather armour.
  1074 | D:1      | 1074 ||| READING scroll labelled YQIQAE NEURR.
  1075 | D:1      | 1075 ||| READING scroll labelled GEH LIGOYQ.
  1080 | D:1      | 1080 ||| READING scroll labelled VYRAMI YBERU.
  1081 | D:1      | 1081 ||| READING scroll labelled WOESE ABRAEWUX.
  1082 | D:1      | 1082 ||| READING 2 scrolls labelled QIKHED FISH.
  1083 | D:1      | 1083 ||| DRINKING 2 glowing black potions.
  1084 | D:1      | 1084 ||| DROPPING scroll of blinking.
  1085 | D:1      | 1085 ||| DROPPING potion of brilliance.
  1086 | D:1      | 1086 ||| DROPPING scroll of fear.
  1116 | D:2      | Reached skill level 4 in Axes
  1350 | D:2      | Reached XP level 4. HP: 23/26 MP: 8/8
  1584 | D:2      | 1584 ||| Stepping ~*~*~tactically~*~*~ (stealth).
  2244 | D:2      | 2244 ||| READING 3 scrolls labelled YCLORON ERYA.
  2245 | D:2      | 2245 ||| READING 2 scrolls of enchant weapon.
  2245 | D:2      | 2245 ||| ENCHANTING +1 hand axe.
  2246 | D:2      | 2246 ||| READING scroll of enchant weapon.
  2246 | D:2      | 2246 ||| ENCHANTING +2 hand axe.
  2247 | D:2      | 2247 ||| READING 2 scrolls labelled YPTARA TINABA.
  2248 | D:2      | 2248 ||| READING 4 scrolls of identify.
  2248 | D:2      | 2248 ||| IDENTIFYING metallic silvery potion
  2249 | D:2      | 2249 ||| READING 3 scrolls of identify.
  2249 | D:2      | 2249 ||| IDENTIFYING bubbling black potion
  2250 | D:2      | 2250 ||| DROPPING potion of flight.
  2251 | D:2      | 2251 ||| DROPPING scroll of vulnerability.
  2367 | D:3      | 2367 ||| Stepping ~*~*~tactically~*~*~ (stealth).
  2378 | D:3      | 2378 ||| Stepping ~*~*~tactically~*~*~ (stealth).
  2386 | D:3      | Reached skill level 5 in Axes
  2435 | D:3      | HP: 6/26 [acid (2)]
  2435 | D:3      | Splashed by a jelly's acid

Levels and vault maps discovered:
D:1:      ncdulo_halloftheorcs, layout_basic,
          shapermc_ecumenical_altar_totnotflames
D:2:      layout_loops_ring, eino_tiny_chamber
D:3:      layout_rooms, led_xom_imps, nicolae_sif_muna_little_library,
          serial_rivers, chequers_serial_rivers_small_b,
          chequers_serial_rivers_room_b, chequers_serial_rivers_small_b,
          chequers_serial_rivers_large_a, chequers_serial_rivers_room_a,
          minivault_11, uniq_jessica

Skill      XL: |  1  2  3  4 |
---------------+-------------+-----
Axes           | 3 4 5 |  5.1
Fighting       | |  2.0
Throwing       | |  1.0
Armour         | |  1.1
Dodging        | |  2.1
Spellcasting   | |  2.0
Translocations | |  2.4

Action                   |  1- 3 |  4- 6 || total
-------------------------+-------+-------++-------
Melee: Hand axe          |    74 |    39 ||   113
       Peck              |     8 |     6 ||    14
       Kick              |    14 |    10 ||    24
       Punch             |     1 |       ||     1
Throw: Boomerang         |     7 |       ||     7
  Use: Scroll            |     5 |     6 ||    11
       Potion            |     1 |       ||     1
Armor: Leather armour    |     5 |       ||     5
       Ring mail         |    11 |     6 ||    17
Dodge: Dodged            |    31 |    18 ||    49

Table legend:
 A = Non-vault XP
 B = Vault XP
 C = Vault XP percentage of total XP
 D = Non-vault monster count
 E = Vault monster count
 F = Vault count percentage of total count
                 A         B        C        D         E       F
            +---------+---------+-------+---------+---------+-------
      Total |     128 |       0 |   0.0 |      49 |       0 |   0.0
            +---------+---------+-------+---------+---------+-------
        D:1 |      44 |       0 |   0.0 |      27 |       0 |   0.0
        D:2 |      65 |       0 |   0.0 |      17 |       0 |   0.0
        D:3 |      19 |       0 |   0.0 |       5 |       0 |   0.0
            +---------+---------+-------+---------+---------+-------
